 Dungeon Crawl Stone Soup version 0.32-a0-975-g85d4e5bfdb (webtiles) character file.

Game seed: 17247262052496715731

179 LostInTranslocation the Insei (level 5, -2/41 HPs)
             Began as a Demonspawn Alchemist on Apr 20, 2024.
             Slain by a sleepcap (4 damage)
             ... on level 4 of the Dungeon.
             The game lasted 00:06:35 (3693 turns).

LostInTranslocation the Insei (DsAl)                Turns: 3693, Time: 00:06:36

Health: -2/41      AC:  2    Str: 17    XL:     5   Next: 32%
Magic:  4/8        EV: 11    Int: 15    God:
Gold:   195        SH:  9    Dex: 13    Spells: 7/8 levels left

rFire   . . .        d - +0 dagger
rCold   . . .        (no shield)
rNeg    . . .        a - +0 robe
rPois   .            (helmet restricted)
rElec   .            (no cloak)
rCorr   .            (no gloves)
SInv    .            (no boots)
Will    .....        h - amulet of reflection
Stlth   ++           t - +6 ring of strength
HPRegen 0.26/turn    (no ring)
MPRegen 0.11/turn

%: reflection
@: no status effects
A: hooves 2, horns 1, condensation shield
a: no special abilities


You were on level 4 of the Dungeon.
You visited 1 branch of the dungeon, and saw 4 of its levels.

You collected 195 gold pieces.

Inventory:

Hand Weapons
 d - a +0 dagger (weapon)
Missiles
 m - a throwing net
Armour
 a - a +0 robe (worn)
Jewellery
 h - an amulet of reflection (around neck)
 t - a +6 ring of strength (left hand)
Wands
 s - a wand of paralysis (9)
Scrolls
 e - 4 scrolls of teleportation {unknown}
 f - a scroll of fog {unknown}
 i - 3 scrolls of enchant armour {unknown}
 n - a scroll of silence {unknown}
 p - a scroll of vulnerability {unknown}
 q - a scroll of amnesia {unknown}
Potions
 b - a potion of magic
 g - a potion of degeneration
 j - 4 potions of curing
 k - a potion of invisibility
 l - a potion of enlightenment
 o - a potion of brilliance {unknown}
 r - a potion of heal wounds {unknown}


   Skills:
 + Level 3.2 Fighting
 - Level 1.7 Dodging
 - Level 1.7 Stealth
 * Level 3.4 Unarmed Combat
 - Level 2.0 Spellcasting
 - Level 1.0 Conjurations
 - Level 3.0 Alchemy


You had 7 spell levels left.
You knew the following spells:

 Your Spells              Type           Power      Damage    Failure   Level
a - Sting                 Conj/Alch      28%        1d4       10%         1

Your spell library contained the following spells:

 Spells                   Type           Power      Damage    Failure   Level
 Mercury Vapours          Alch/Air       12%        N/A       19%         2
 Freeze                   Ice            4%         1d3       22%         1
 Mephitic Cloud           Conj/Alch/Air  5%         N/A       36%         3
 Dazzling Flash           Conj/Hex       6%         N/A       47%         3
 Hailstorm                Conj/Ice       3%         3d5       47%         3
 Call Canine Familiar     Summ           1%         N/A       54%         3
 Frozen Ramparts          Ice            2%         1d1       54%         3
 Inner Flame              Hex/Fire       1%         N/A       54%         3
 Sigil of Binding         Hex            1%         N/A       54%         3
 Teleport Other           Tloc           1%         N/A       54%         3
 Olgreb's Toxic Radiance  Alch           10%        N/A       54%         4
 Sticky Flame             Fire/Alch      6%         2d4       75%         4
 Flame Wave               Conj/Fire      3%         2d5       87%         4
 Dimensional Bullseye     Hex/Tloc       0%         N/A       91%         4
 Dispersal                Tloc           0%         N/A       100%        6
 Gell's Gavotte           Tloc           0%         2d(11-16) 100%        6
 Starburst                Conj/Fire      1%         6d3       100%        6
 Fulsome Fusillade        Conj/Alch      3%         (3-5)d4   100%        8


Dungeon Overview and Level Annotations

Branches:
Dungeon (4/15)
 Temple: D:4-7

Altars:
Hepliaklqana
Xom


Innate Abilities, Weirdness & Mutations

You have hoof-like feet.
You have a pair of small horns on your head.
A meltable shield of frost defends you. (SH +4)


Message History

Press: ? - help, Shift-Dir - straight line, f/p - sleepcap
Aim: a sleepcap (moderately damaged, poisoned, 100% to hit)
The sting hits the sleepcap.
The sleepcap partially resists.
The sleepcap is moderately damaged.
You block the sleepcap's attack.
You now have 6/8 mp.
Casting: Sting (safe; 10% risk of failure)
Confirm with . or Enter, or press ? or * to list all spells.
Aiming: Sting (safe; 10% risk of failure)
Press: ? - help, Shift-Dir - straight line, f/p - sleepcap
Aim: a sleepcap (moderately damaged, poisoned, 100% to hit)
The sting hits the sleepcap but does no damage.
The sleepcap looks even sicker.
The sleepcap is moderately damaged.
The sleepcap releases spores at you.
* * * LOW HITPOINT WARNING * * *
You are engulfed in a cloud of soporific spores!
You are unaffected.
You take 5 damage, and have 9/41 hp.
You now have 5/8 mp.
Casting: Sting (safe; 10% risk of failure)
Confirm with . or Enter, or press ? or * to list all spells.
Aiming: Sting (safe; 10% risk of failure)
Press: ? - help, Shift-Dir - straight line, f/p - sleepcap
Aim: a sleepcap (heavily damaged, very poisoned, 100% to hit)
The sting hits the sleepcap.
The sleepcap partially resists.
The sleepcap looks even sicker.
The sleepcap is heavily damaged.
The sleepcap releases spores at you!
* * * LOW HITPOINT WARNING * * *
You take 7 damage, and have 2/41 hp.
You now have 4/8 mp.
Casting: Sting (safe; 10% risk of failure)
Confirm with . or Enter, or press ? or * to list all spells.
Aiming: Sting (safe; 10% risk of failure)
Press: ? - help, Shift-Dir - straight line, f/p - sleepcap
Aim: a sleepcap (heavily damaged, very poisoned, 100% to hit)
The sting hits the sleepcap but does no damage.
The sleepcap looks as sick as possible!
The sleepcap is heavily damaged.
The sleepcap releases spores at you.
You die...

.. ## f. +. ##. ## #..
#.# #.# #.# #+#
###.##### #.#
#...f@..# #.#
#.#.###.# ####.##
#.#.# #.# #.....#####
#.#.###.####....).....
#.#..........#...#####
#.#####.#######.## #.#
#.# ### #.# #.# #..
..#


You could see a sleepcap (extremely poisoned).

Vanquished Creatures
  A jelly (D:4)
  A sleepcap (D:4)
  5 adders
  2 dart slugs (D:3)
  A ribbon worm (D:2)
  4 orcs (D:4)
  8 endoplasms
  3 giant cockroaches
  7 hobgoblins
  4 quokkas
  7 ball pythons
  3 bats
  2 frilled lizards (D:1)
  7 goblins
  8 kobolds
  4 rats
  A spectral goblin (D:3)
68 creatures vanquished.

Notes
Turn   | Place    | Note
-------+----------+-------------------------------------------
     0 | D:1      | LostInTranslocation the Demonspawn Alchemist began the
                  | quest for the Orb.
     0 | D:1      | Reached XP level 1. HP: 13/13 MP: 3/3
   120 | D:1      | Reached skill level 1 in Fighting
   288 | D:1      | Discovered your monstrous ancestry.
   288 | D:1      | Gained mutation: You have large cloven feet. [demonic
                  | ancestry]
   288 | D:1      | Reached XP level 2. HP: 22/22 MP: 3/5
   744 | D:1      | Found a faded altar of an unknown god.
  1134 | D:2      | Reached skill level 1 in Unarmed Combat
  1177 | D:2      | Found a shimmering altar of Xom.
  1357 | D:2      | Gained mutation: You have a pair of small horns on your
                  | head. [demonic ancestry]
  1357 | D:2      | Reached XP level 3. HP: 27/27 MP: 3/6
  1913 | D:2      | Gained mutation: You have hoof-like feet. [demonic
                  | ancestry]
  1913 | D:2      | Reached XP level 4. HP: 34/34 MP: 4/7
  2776 | D:3      | Found a hazy altar of Hepliaklqana.
  3254 | D:4      | Gained mutation: A meltable shield of frost defends you.
                  | (SH +4) [demonic ancestry]
  3254 | D:4      | Reached XP level 5. HP: 17/41 MP: 3/8
  3692 | D:4      | HP: 2/41 [sleepcap (7)]
  3693 | D:4      | Slain by a sleepcap

Illustrated notes

Levels and vault maps discovered:
D:1:      minmay_arrival_three_doors, layout_basic, basic_ecumenical_altar,
          minmay_pentomino_q4
D:2:      layout_basic, basic_altar
D:3:      layout_loops_cross, nicolae_hepliaklqana_monster_ancestors
D:4:      layout_loops_corners, mainiacjoe_overflow_alcove_4,
          uniq_crazy_yiuf_cottage

Skill      XL: |  1  2  3  4 |
---------------+-------------+-----
Fighting       | 1 2 3 |  3.2
Unarmed Combat | 1 2 3 |  3.4
Dodging        | |  1.7
Stealth        | |  1.7
Spellcasting   | |  2.0
Conjurations   | |  1.0
Alchemy        | |  3.0

Action                     |  1- 3 |  4- 6 || total
---------------------------+-------+-------++-------
  Melee: Unarmed           |    10 |       ||    10
         Dagger            |    54 |    32 ||    86
         Kick              |    15 |    16 ||    31
         Headbutt          |     6 |     5 ||    11
   Cast: Sting             |    65 |    50 ||   115
    Use: Scroll            |       |     4 ||     4
   Stab: Sleeping          |       |     1 ||     1
 Armour: Robe              |    43 |    17 ||    60
  Dodge: Dodged            |    56 |    16 ||    72
  Block: Other             |     8 |     5 ||    13

Table legend: (Time is in decaauts)
 A = Elapsed time spent in this place.
 B = Non-inter-level travel time spent in this place.
 C = Inter-level travel time spent in this place.
 D = Time resting spent in this place.
 E = Time spent auto-exploring this place.
 F = Levels seen in this place.
 G = Mean time per level.
                   A        B        C        D        E       F      G
               +--------+--------+--------+--------+--------+-----+--------+
         Total |   3691 |   3580 |    111 |    444 |   2564 |   4 |  922.8 |
       Dungeon |   3691 |   3580 |    111 |    444 |   2564 |   4 |  922.8 |
               +--------+--------+--------+--------+--------+-----+--------+

Top non-repeatable levels by time:
     D:1: 1117 daAuts
     D:2: 1092 daAuts
     D:3: 903 daAuts
     D:4: 577 daAuts
